Map: [ESL] Oceanborn

Players

ByuN

  • Race: Terran Terran
  • Spawn Location: 11:00

DKZherO (herO) - Winner!

  • Race: Protoss Protoss
  • League: Grandmaster
  • Spawn Location: 5:00

VOD

Have the link to the VOD?

Description

Time

  • Played on: Nov. 28, 2023, 8:45 a.m.
  • Length: 5:10
Show
View Real Time Build Order
Export as new Build Order

ByuN Terran 

Build Orders: Cyclone Opening 

Get SALT Encoding   

  12  0:00  SCV  
  13  0:12  SCV  
  14  0:18  Supply Depot  
  14  0:24  SCV  
  15  0:39  Barracks  
  15  0:40  SCV  
  16  0:46  Refinery  
  16  0:52  SCV  
  17  1:03  Barracks  
  17  1:04  SCV  
  18  1:16  SCV  
  19  1:28  SCV  
  20  1:40  SCV  
  21  1:49  Marine  
  21  1:52  Orbital Command, Command Center  
  22  2:05  Factory  
  22  2:11  Supply Depot  
  22  2:13  Barracks Reactor  
  22  2:18  SCV  
  22  2:21  Refinery  
  23  2:33  SCV  
  24  2:45  SCV  
  24  2:50  Starport, Marine  
  24  2:51  Marine  
  29  2:56  Cyclone  
  29  2:57  SCV  
  30  3:04  Orbital Command  
  30  3:08  Marine x2  
  30  3:09  SCV  
  33  3:21  SCV  
  33  3:25  Medivac  
  36  3:27  Marine  
  36  3:28  Marine  
  36  3:29  Orbital Command  
  36  3:32  Factory Tech Lab  
  36  3:33  SCV, Supply Depot  
  39  3:45  SCV, Marine  
  39  3:46  Marine  
  42  3:53  Supply Depot  
  42  3:54  Siege Tank  
  45  3:57  SCV x2  
  47  4:03  Marine  
  47  4:04  Marine  
  47  4:09  SCV  
  51  4:10  SCV  
  50  4:21  SCV, Marine x2  
  50  4:22  SCV  
  54  4:26  Siege Tank  
  60  4:34  SCV, Supply Depot x2  
  60  4:38  SCV  
  62  4:41  Marine x2  
  64  4:46  SCV  
  64  4:50  SCV  
  66  4:58  SCV  
Show
View Real Time Build Order
Export as new Build Order

DKZherO Protoss - Winner!

Build Orders: 1 Gate Expand, Blink Stalkers 

Get SALT Encoding   

  12  0:00  Probe  
  13  0:12  Probe  
  14  0:17  Pylon  
  14  0:24  Probe (Chrono Boost)  
  16  0:35  Gateway  
  16  0:36  Probe (Chrono Boost)  
  16  0:43  Probe (Chrono Boost)  
  16  0:44  Assimilator  
  17  0:50  Probe  
  18  1:03  Probe  
  19  1:15  Probe  
  20  1:22  Nexus  
  20  1:33  Cybernetics Core  
  20  1:35  Probe  
  20  1:39  Assimilator  
  21  1:47  Probe  
  21  1:49  Pylon  
  22  1:59  Probe  
  23  2:09  Adept, Warp Gate  
  23  2:11  Probe (Chrono Boost)  
  26  2:20  Twilight Council  
  26  2:21  Probe (Chrono Boost)  
  27  2:26  Probe (Chrono Boost)  
  28  2:33  Probe  
  29  2:37  Probe  
  29  2:39  Stalker  
  32  2:45  Probe  
  32  2:48  Blink (Chrono Boost)  
  32  2:49  Probe  
  34  2:52  Gateway  
  34  3:00  Probe  
  34  3:02  Probe  
  36  3:09  Gateway  
  36  3:16  Robotics Facility  
  36  3:17  Probe  
  36  3:19  Probe  
  38  3:24  Stalker  
  40  3:30  Pylon  
  40  3:31  Probe  
  40  3:32  Probe  
  42  3:38  Gateway  
  42  3:44  Pylon  
  42  3:45  Probe  
  42  3:46  Probe  
  44  3:58  Probe x2  
  44  4:01  Stalker x2  
  50  4:06  Stalker  
  53  4:10  Probe x2  
  53  4:11  Observer  
  53  4:15  Pylon  
  55  4:18  Assimilator  
  55  4:27  Stalker x2, Warp Prism (Chrono Boost)  
  59  4:36  Stalker  
  61  4:42  Stalker, Pylon  
  63  4:52  Stalker  
  65  4:53  Stalker  
  65  4:57  Assimilator  
  65  4:59  Pylon  
Tags
 
Add a new tag
Caveats
  • Supply blocks, unpowered buildings, or Contaminate may cause inaccurate times.
  • Supply counts are checked every 10 seconds.